 Dungeon Crawl Stone Soup version 0.20-a0-517-g5f97612 (webtiles) character file.

646 Amnesiac the Magician (level 7, -1/46 HPs)
             Began as a Mummy Enchanter on Jan 24, 2017.
             Slain by a howler monkey (3 damage)
             ... on level 4 of the Dungeon.
             The game lasted 00:15:01 (5765 turns).

Amnesiac the Magician (Mummy Enchanter)             Turns: 5765, Time: 00:15:02

Health: -1/46      AC:  3    Str: 14    XL:     7   Next: 27%
Magic:  5/16       EV: 12    Int: 17    God:
Gold:   128        SH:  0    Dex: 12    Spells: 9/18 levels left

rFire    x . .     SeeInvis .   n - +2 whip (elec)
rCold    + . .     Gourm    .   b - +0 robe
rNeg     + + +     Faith    .   (no shield)
rPois    ∞         Spirit   .   (no helmet)
rElec    .         Reflect  .   l - +0 cloak
rCorr    .         Harm     .   (no gloves)
MR       .....                  (no boots)
Stlth    ++........             (no amulet)
Regen    0.2/turn               (no ring)
                                k - +3 ring of strength

@: no status effects
A: no food or potions, fire vulnerability, cold resistance 1, negative energy
resistance 3, torment resistance, unbreathing
a: no special abilities


You were on level 4 of the Dungeon.
You were not hungry.

You visited 1 branch of the dungeon, and saw 7 of its levels.

You collected 128 gold pieces.

Inventory:

Hand Weapons
 a - a +2 dagger
 n - a +2 whip of electrocution (weapon)
Armour
 b - a +0 robe (worn)
 l - a +0 cloak (worn)
Jewellery
 k - a +3 ring of strength (left hand)
Scrolls
 d - 3 scrolls of remove curse
 e - a scroll of noise
 f - a scroll of fog {unknown}
 g - 2 scrolls of identify
 j - 2 scrolls of enchant weapon
Books
 c - a book of Maledictions

   Spells                             Type                      Level
   a - Corona                         Hexes                        1
   b - Ensorcelled Hibernation        Hexes/Ice                    2
   c - Confuse                        Hexes                        3
   d - Tukima's Dance                 Hexes                        3
   e - Dazzling Spray                 Conjuration/Hexes            3
 m - a book of Spatial Translocations

   Spells                             Type                      Level
   a - Blink                          Translocation                2
   b - Shroud of Golubria             Charms/Translocation         2
   c - Lesser Beckoning               Translocation                3
   d - Portal Projectile              Translocation                3
   e - Teleport Other                 Translocation                3
   f - Passage of Golubria            Translocation                4


   Skills:
 - Level 1.6 Short Blades
 - Level 1.5 Dodging
 - Level 2.4 Stealth
 - Level 6.3 Spellcasting
 + Level 6.1 Hexes


You had 9 spell levels left.
You knew the following spells:

 Your Spells              Type           Power        Failure   Level  Hunger
e - Confuse               Hex            ####....     3%          3    N/A
f - Corona                Hex            ####...      1%          1    N/A
w - Tukima's Dance        Hex            ####....     3%          3    N/A
z - Ensorcelled Hibernat  Hex/Ice        ###...       6%          2    N/A

Dungeon Overview and Level Annotations

Branches:
Dungeon (7/15)
 Temple: D:4-7

Altars:
Fedhas
Trog

Annotations:
D:2 Natasha
D:3 Grinder; Sar's ghost, amateur BaIE
D:6 exclusion: wight


Innate Abilities, Weirdness & Mutations

You do not eat or drink.
Your flesh is vulnerable to fire.
You are immune to poison.
Your flesh is cold resistant. (rC+)
You are immune to negative energy. (rN+++)
You are immune to unholy pain and torment.
You can survive without breathing.


Message History

Press: ? - help, Shift-Dir - straight line, f - necrophage, p - howler monkey
Aim: a necrophage (chance to defeat MR: 37%)
The necrophage appears confused.
The howler monkey hits you.
* * * LOW HITPOINT WARNING * * *
Casting: Confuse
Confirm with . or Enter, or press ? or * to list all spells.
Aiming: Confuse
Press: ? - help, Shift-Dir - straight line, f - howler monkey, p - necrophage
Aim: a howler monkey (catching its breath, chance to defeat MR: 64%)
The howler monkey appears confused.
You hit the howler monkey.
The howler monkey is lightly wounded.
The howler monkey hits the necrophage.
You hit the howler monkey.
The howler monkey is lightly wounded.
The howler monkey hits you!
* * * LOW HITPOINT WARNING * * *
An orc comes into view.
The necrophage hits the howler monkey.
The howler monkey hits you.
You die...

### #..
#.# #.#
#@####...
#>hn..o..
#########


You could see a necrophage (confused), a howler monkey (confused) and an orc.

Vanquished Creatures
  A dancing weapon (D:5)
  An orc warrior (D:6)
  A centaur (D:6)
  An ogre (D:6)
  2 bullfrogs (D:6)
  A hound (D:6)
  A bullfrog zombie (D:6)
  4 iguanas
  2 orc wizards
  A worker ant (D:4)
  A worker ant zombie (D:6)
  A leopard gecko (D:6)
  6 orcs
  3 giant cockroaches
  6 goblins
  4 hobgoblins
  6 jackals
  A quokka (D:6)
  6 bats
  8 frilled lizards
  4 kobolds
  A quokka zombie (D:5)
  3 rats
65 creatures vanquished.

Vanquished Creatures (others)
  2 dancing weapons (D:6)
2 creatures vanquished.

Grand Total: 67 creatures vanquished

Notes
Turn   | Place    | Note
-------+----------+-------------------------------------------
     0 | D:1      | Amnesiac the Mummy Enchanter began the quest for the Orb.
     0 | D:1      | Reached XP level 1. HP: 13/13 MP: 4/4
   188 | D:2      | Noticed Natasha
   237 | D:1      | Reached skill level 1 in Short Blades
   295 | D:1      | Reached XP level 2. HP: 18/19 MP: 0/6
   299 | D:1      | Learned a level 2 spell: Ensorcelled Hibernation
  1003 | D:3      | Noticed Grinder
  1083 | D:3      | Noticed Sar's ghost (amateur BaIE)
  1558 | D:2      | Reached XP level 3. HP: 24/24 MP: 4/7
  1563 | D:2      | Learned a level 3 spell: Confuse
  2369 | D:4      | Reached XP level 4. HP: 30/30 MP: 5/8
  2403 | D:4      | Learned a level 3 spell: Tukima's Dance
  2464 | D:4      | You fall through a shaft for 3 floors!
  2594 | D:5      | Entered Level 5 of the Dungeon
  2803 | D:5      | Found a blossoming altar of Fedhas.
  2933 | D:5      | Noticed an orc warrior
  3061 | D:6      | Noticed a bullfrog
  3849 | D:6      | Noticed a bullfrog
  3871 | D:6      | Killed a bullfrog
  3871 | D:6      | Reached skill level 5 in Hexes
  3871 | D:6      | Reached XP level 5. HP: 13/35 MP: 0/9
  4229 | D:6      | Noticed an orc warrior
  4273 | D:6      | Killed an orc warrior
  4273 | D:6      | Reached XP level 6. HP: 41/41 MP: 1/10
  4365 | D:6      | Found a bloodstained altar of Trog.
  4379 | D:6      | Noticed a sky beast
  4892 | D:6      | Reached skill level 5 in Spellcasting
  4992 | D:6      | Reached XP level 7. HP: 45/46 MP: 10/15
  5018 | D:7      | HP: 2/46 [worker ant (8)]
  5040 | D:7      | HP: 2/46 [adder (3)]
  5082 | D:6      | HP: 2/46 [kobold (1)]
  5764 | D:4      | HP: 2/46 [howler monkey (7)]
  5765 | D:4      | Slain by a howler monkey

Vault maps used:
D:1:      dpeg_arrival_circle_labyrinth_a
D:2:      uniq_natasha, uniq_jessica, uniq_robin
D:3:      kennysheep_doodads, uniq_grinder
D:4:      first_bread, minmay_misc_feat_iff, uniq_pikel
D:5:      minmay_goblin_kobold_castle, lemuel_doored_altar,
          minmay_temple_entry_butterflies, minmay_misc_feat_room, uniq_sigmund
D:6:      kennysheep_spiral_hall, trog_butcher_becter

Skill      XL: |  1  2  3  4  5  6  7 |
---------------+----------------------+-----
Short Blades   | 1 |  1.6
Spellcasting   | 3 5 6 |  6.3
Hexes          | 3 5 6 |  6.1
Dodging        | |  1.5
Stealth        | |  2.4

Action                   |  1- 3 |  4- 6 |  7- 9 || total
-------------------------+-------+-------+-------++-------
Melee: Dagger            |   108 |    19 |       ||   127
       Whip              |       |    61 |    31 ||    92
 Cast: Corona            |    11 |       |       ||    11
       Ensorcelled Hiber |    34 |    10 |     1 ||    45
       Confuse           |     4 |    29 |    18 ||    51
       Tukima's Dance    |       |     8 |     1 ||     9
  Use: Scroll            |       |     7 |     2 ||     9
 Stab: Sleeping          |    22 |     2 |       ||    24
       Confused          |     1 |     7 |     1 ||     9
Armor: Robe              |    31 |    11 |     3 ||    45
Dodge: Dodged            |    67 |    44 |    26 ||   137
